AoeStats
← Sodythaek

Arabia

509740854Analyzed
3v3 RM · 6d ago on Sep 27, 2026· 43m 42s· 6 players
Game mode
Random Map
Map size
Normal (6 player)
Population
200
Speed
Normal
Resources
Standard
Victory
Conquest
Starting age
Dark Age
Ending age
Imperial Age
RankedLock teamsTeams togetherTeam positionsShared explorationLock speedFull tech treeHidden civsTurbo modeCheats
Victory
Defeat
🇫🇷 Danes · France
1325
+12
🇫🇷 Poles · France
1308
+13
🇫🇷 Berbers · France
1295
+13
🇦🇷 Italians · Argentina
1275
-14
🇦🇷 Varangians · Argentina
1239
-13
🇦🇷 Maya · Argentina
1193
-11
Vicius nishus
0:27 Loom
9:16 Feudal Age
10:05 Double-Bit Axe
14:58 Fletching
18:27 Padded Archer Armor
26:17 Castle Age
31:15 Elite Skirmisher
32:43 Bow Saw
33:53 Bodkin Arrow
36:20 Wheelbarrow
37:59 Pikeman
38:44 Crossbowman
Pieronimus, el Férreo
9:39 Feudal Age
8:56 Loom
10:13 Double-Bit Axe
10:39 Horse Collar
17:49 Bloodlines
18:37 Scale Barding Armor
19:27 Forging
26:09 Castle Age
25:24 Gold Mining
27:14 Chain Barding Armor
26:36 Light Cavalry
28:54 Bow Saw
43:21 Wheelbarrow
Marxelit0
6:02 Loom
8:37 Feudal Age
14:39 Fletching
22:31 Double-Bit Axe
25:37 Castle Age
25:27 Wheelbarrow
25:57 Stone Mining
26:47 Padded Archer Armor
30:43 Bodkin Arrow
32:30 Leather Archer Armor
39:30 Imperial Age
38:45 Ballistics
43:33 Chemistry
Sodythaek
7:22 Loom
10:01 Feudal Age
12:57 Scale Barding Armor
13:44 Forging
16:45 Double-Bit Axe
17:16 Horse Collar
21:06 Gold Mining
25:17 Castle Age
25:35 Bloodlines
25:35 Light Cavalry
26:40 Chain Barding Armor
26:40 Bow Saw
26:33 Heavy Plow
27:26 Husbandry
28:12 Iron Casting
29:55 Wheelbarrow
35:55 Imperial Age
33:47 Hand Cart
36:14 Winged Hussar
38:38 Blast Furnace
38:37 Town Watch
42:32 Stone Mining
44:11 Ballistics
44:54 Chemistry
archimonde
6:13 Loom
8:43 Feudal Age
9:00 Man-at-Arms
9:26 Double-Bit Axe
16:36 Fletching
20:47 Padded Archer Armor
22:13 Wheelbarrow
24:55 Horse Collar
28:21 Castle Age
28:43 Crossbowman
29:28 Thumb Ring
29:32 Gold Mining
29:42 Bodkin Arrow
29:58 Bow Saw
29:36 Pikeman
31:45 Leather Archer Armor
32:41 Ballistics
33:09 Heavy Plow
35:52 Squires
35:54 Scale Mail Armor
38:07 Hand Cart
40:25 Imperial Age
38:41 Chain Mail Armor
39:49 Arson
42:34 Chemistry
41:35 Bracer
43:13 Ring Archer Armor
43:56 Plate Mail Armor
Guizz
6:56 Loom
9:35 Feudal Age
10:11 Double-Bit Axe
12:29 Horse Collar
17:13 Fletching
18:17 Padded Archer Armor
27:24 Castle Age
25:25 Stone Mining
26:40 Wheelbarrow
27:30 Crossbowman
28:07 Bodkin Arrow
28:36 Bow Saw
28:17 Gold Mining
35:05 Imperial Age
35:08 Thumb Ring
36:25 Scale Barding Armor
36:22 Heavy Camel Rider
37:35 Chain Barding Armor
37:25 Forging
37:40 Husbandry
37:50 Bloodlines
40:46 Heavy Plow
42:55 Stone Shaft Mining
Connection lost

Rejoining the realm…

Still unreachable

The connection could not be restored.

Session expired

The server has moved on; the page needs a fresh start.